 Dungeon Crawl Stone Soup version 0.16.0-17-g811c1d7 (webtiles) character file.

76 Siriah the Ruffian (level 4, 0/35 HPs)
             Began as a Draconian Transmuter on Mar 21, 2015.
             Succumbed to an adder's poison
             ... on level 1 of the Dungeon.
             The game lasted 00:09:40 (1148 turns).

Siriah the Ruffian (Draconian Transmuter)           Turns: 1148, Time: 00:09:40

Health: 0/35       AC:  5    Str: 14    XL:     4   Next: 12%
Magic:  5/8        EV: 12    Int: 13    God:
Gold:   92         SH:  0    Dex: 11    Spells: 3 memorised, 2 levels left

rFire  . . .     SeeInvis .       - Unarmed
rCold  . . .     Clarity  .     (armour unavailable)
rNeg   + . .     SustAb   .     (no shield)
rPois  .         Gourm    .     (helmet restricted)
rElec  .         Spirit   .     (no cloak)
rCorr  .         Warding  +     (no gloves)
rMut   .         Stasis   .     (no boots)
MR     .....                    c - amulet of warding
Stlth  +.........               (no ring)
                                (no ring)

@: lethally poisoned (0 -> -2), very slightly contaminated, not resistant to
hostile enchantments, very unstealthy
A: unfitting armour, cold-blooded, AC +5
a: no special abilities


You were on level 1 of the Dungeon.
You were not hungry.

You visited 1 branch of the dungeon, and saw 2 of its levels.

You collected 92 gold pieces.

Inventory:

Missiles
 b - 29 arrows
 j - 8 arrows of frost
 l - 6 tomahawks (quivered)
Jewellery
 c - an amulet of warding (around neck)
Scrolls
 e - a scroll of amnesia {unknown}
 f - a scroll of enchant weapon {unknown}
 h - a scroll of remove curse
 r - 2 scrolls of recharging {unknown}
Books
 d - a book of Changes

   Spells                             Type                      Level
   a - Beastly Appendage              Transmutation                1
   b - Sticks to Snakes               Transmutation                2
   c - Spider Form                    Transmutation/Poison         3
   d - Ice Form                       Ice/Transmutation            4
   e - Blade Hands                    Transmutation                5
 q - a book of Beasts

   Spells                             Type                      Level
   a - Summon Butterflies             Summoning                    1
   b - Call Canine Familiar           Summoning                    3
   c - Summon Ice Beast               Ice/Summoning                4
   d - Summon Mana Viper              Hexes/Summoning              5
   e - Monstrous Menagerie            Summoning                    6
   f - Summon Hydra                   Summoning                    7
Comestibles
 a - a bread ration
 o - 2 chunks of flesh


   Skills:
 + Level 1.2 Fighting
 + Level 2.8 Dodging
 + Level 0.2 Stealth
 + Level 3.5 Unarmed Combat
 + Level 2.5 Spellcasting
 + Level 2.4 Transmutations


You had 2 spell levels left.
You knew the following spells:

 Your Spells              Type           Power        Failure   Level  Hunger
a - Beastly Appendage     Trmt           #.....       10%         1    #......
b - Sticks to Snakes      Trmt           #.........   14%         2    ###....
c - Spider Form           Trmt/Pois      #.........   52%         3    ###....


Dungeon Overview and Level Annotations

Branches:
Dungeon (2/15)

Altars:
Kikubaaqudgha
Sif Muna
Trog


Innate Abilities, Weirdness & Mutations

Your plain brown scales are hard (AC +5).
Your body does not fit into most forms of armour.
Your cold-blooded metabolism reacts poorly to cold.


Message History

You kill the adder!
You have reached level 4!
You feel stronger.
* * * LOW HITPOINT WARNING * * *
You feel sick.
r - 2 scrolls labeled ULIWAI CROIKIHET (gained 1) Read which item? (? for menu, Esc to quit)
As you read the scroll labeled AGAYJ XUISSY, it crumbles to dust.
You feel blessed for a moment.
It was a scroll of remove curse.
Eat one of 3 chunks of flesh? (ye/n/q/i?) This raw flesh tastes terrible.
You continue eating.
* * * LOW HITPOINT WARNING * * *
You feel sick.
You continue eating.
Eat which item? (? for menu, Esc to quit)
Okay, then.
Eat which item? (? for menu, Esc to quit)
You continue eating.
You die...

#.### ########.# #....
#...# ###........# #.###
###.#
###.#.#####..#####.##
#.#
#..#.............>..##
#.#
#.###.................
#.#
#..#>.####.#.#####..#.
#.#
#.#w#.###.###.####..#.
#.# ###.#.#.##.##
##......#. #.#
#...#.#@###.###.##...###
#.#
#.##....##.#.#..........
#.#
#.##......###...##...###
####.#
#.##....##.#..#.###)## #
.....# #.#####.......#.#
#.# # ###### #.#
#.......###.# #.# # #.#
#.####### #.# #.# # #.#
#.# #(# #.# # #.# #.#
#.# #.# #


There were no monsters in sight!

Vanquished Creatures
  2 adders
  A gnoll (D:2)
  2 worms (D:2)
  3 giant cockroaches (D:1)
  6 goblins
  A hobgoblin (D:1)
  6 jackals (D:1)
  2 kobolds (D:1)
  A ball python (D:2)
  8 bats
  A giant gecko (D:1)
  A giant newt (D:1)
  5 rats
39 creatures vanquished.

Vanquished Creatures (collateral kills)
  A kobold (D:2)
1 creature vanquished.

Vanquished Creatures (others)
  5 toadstools (D:1)
5 creatures vanquished.

Grand Total: 45 creatures vanquished

Notes
Turn   | Place    | Note
--------------------------------------------------------------
     0 | D:1      | Siriah, the Draconian Transmuter, began the quest for the Orb.
     0 | D:1      | Reached XP level 1. HP: 16/16 MP: 3/3
   124 | D:1      | Reached XP level 2. HP: 17/23 MP: 2/4
   660 | D:1      | Reached XP level 3. HP: 20/28 MP: 4/6
   668 | D:1      | Learned a level 2 spell: Sticks to Snakes
   672 | D:1      | Learned a level 3 spell: Spider Form
   800 | D:2      | Found a deep blue altar of Sif Muna.
   805 | D:2      | Found a bloodstained altar of Trog.
   979 | D:2      | Found an ancient bone altar of Kikubaaqudgha.
  1140 | D:1      | Reached XP level 4. HP: 2/35 MP: 4/8
  1140 | D:1      | HP: 1/35 [poisoned by an adder]
  1148 | D:1      | Succumbed to an adder's poison

Action                   |  1- 3 |  4- 6 || total
-------------------------+-------+-------++-------
Melee: Unarmed           |   132 |       ||   132
Throw: Tomahawk          |    13 |       ||    13
 Cast: Beastly Appendage |    21 |       ||    21
       Sticks to Snakes  |     3 |       ||     3
  Use: Potion            |     3 |       ||     3
       Scroll            |       |     1 ||     1
 Stab: Sleeping          |     1 |       ||     1
  Eat: Chunk             |     1 |     1 ||     2
       Royal jelly       |       |     1 ||     1
